 Dungeon Crawl Stone Soup version 0.22-a0-196-gee22f27 (webtiles) character file.

742 b5mith the Skirmisher (level 7, -7/63 HPs)
             Began as a Minotaur Berserker on Feb 17, 2018.
             Was a Priest of Trog.
             Mangled by an orc warrior
             ... wielding a +1 vampiric halberd
              (21 damage)
             ... on level 5 of the Dungeon.
             The game lasted 00:10:17 (3779 turns).

b5mith the Skirmisher (Minotaur Berserker)          Turns: 3779, Time: 00:10:17

Health: -7/63      AC:  7    Str: 24    XL:     7   Next: 47%
Magic:  6/6        EV: 13    Int:  4    God:    Trog [***...]
Gold:   73         SH:  0    Dex:  9    Spells: 6/6 levels left

rFire    . . .     SeeInvis .   a - +0 spear
rCold    . . .     Gourm    .   (no shield)
rNeg     . . .     Faith    .   v - +2 leather armour {MR+}
rPois    .         Spirit   .   (helmet restricted)
rElec    .         Reflect  .   (no cloak)
rCorr    .         Harm     .   i - +0 pair of gloves
MR       +....                  (no boots)
Stlth    +.........             (no amulet)
HPRegen  0.20/turn              (no ring)
MPRegen  0.10/turn              (no ring)

@: no status effects
A: retaliatory headbutt, horns 2
a: Berserk, Trog's Hand, Burn Spellbooks, Renounce Religion


You were on level 5 of the Dungeon.
You worshipped Trog.
Trog was most pleased with you.
You were not hungry.

You visited 1 branch of the dungeon, and saw 5 of its levels.

You collected 73 gold pieces.

Inventory:

Hand Weapons
 a - a +0 spear (weapon)
 u - a +3 flail of crushing
Missiles
 e - 10 tomahawks (quivered)
Armour
 b - a +0 animal skin
 i - a +0 pair of gloves (worn)
 v - a +2 leather armour of magic resistance (worn)
 z - the +0 leather armour "Heroykh" {Int+2}
   (You found it on level 4 of the Dungeon)

   It affects your intelligence (+2).
Wands
 x - a wand of paralysis (6)
Scrolls
 d - 2 scrolls of enchant armour
 h - a scroll of noise {unknown}
 k - 2 scrolls of fear
 l - a scroll of enchant weapon {unknown}
 p - 2 scrolls of remove curse {@r2}
 t - a scroll of immolation {unknown}
 w - a scroll of teleportation {unknown}
 y - a scroll of blinking {unknown}
Potions
 f - 2 potions of haste
 g - 2 potions of curing {@q1}
 j - a potion of agility {unknown}
 m - a potion of heal wounds {unknown}
 n - a potion of magic {unknown}
 q - 2 potions of might
 r - a potion of ambrosia {unknown}
Books
 o - a book of Cantrips

   Spells                             Type                      Level
   a - Confusing Touch                Hexes                        1
   b - Animate Skeleton               Necromancy                   1
   c - Summon Small Mammal            Summoning                    1
   d - Apportation                    Translocation                1
   Trog disapproves of the use of such an item.
 s - a book of Misfortune

   Spells                             Type                      Level
   a - Confusing Touch                Hexes                        1
   b - Confuse                        Hexes                        3
   c - Gell's Gravitas                Translocation                3
   d - Petrify                        Transmutation/Earth          4
   e - Metabolic Englaciation         Hexes/Ice                    5
   f - Yara's Violent Unravelling     Hexes/Transmutation          5
   Trog disapproves of the use of such an item.
Comestibles
 c - 5 rations


   Skills:
 + Level 6.1 Fighting
 + Level 6.1 Polearms
 + Level 5.5 Armour
 + Level 5.0 Dodging


You had 6 spell levels left.
You didn't know any spells.

Dungeon Overview and Level Annotations

Branches:
Dungeon (5/15)             Temple (0/1) D:4

Altars:
Wu Jian

Shops:
D:4 (


Innate Abilities, Weirdness & Mutations

You reflexively headbutt those who attack you in melee.
You have a pair of horns on your head.


Message History

Aim: an orc warrior, wielding a vampiric halberd and wearing a chain mail (moderately wounded)
You reach to attack!
You closely miss the orc warrior.
The orc warrior is moderately wounded.
Attack whom?
Press: ? - help, Dir - move target cursor, f/p - orc warrior
Aim: an orc warrior, wielding a vampiric halberd and wearing a chain mail (moderately wounded)
You reach to attack!
You hit the orc warrior but do no damage.
The orc warrior is moderately wounded.
The orc warrior hits you from afar with a vampiric halberd!
Attack whom?
Press: ? - help, Dir - move target cursor, f/p - orc warrior
Aim: an orc warrior, wielding a vampiric halberd and wearing a chain mail (moderately wounded)
You reach to attack!
You barely miss the orc warrior.
The orc warrior is moderately wounded.
The orc warrior hits you from afar with a vampiric halberd!!
* * * LOW HITPOINT WARNING * * *
You are too injured to fight recklessly!
The orc warrior hits you with a vampiric halberd!!
You die...

....................#
...................##
....(...%....#....##
..(..........#....#
.............#....#
.............#....#
.............#
........(....#
..#####@)..###
......o....#
...........#
.............
...............
...............
.......##......
....... ......


You could see an orc warrior.

Vanquished Creatures
  Edmund (D:4)
  Duvessa (D:4)
  An ogre (D:4)
  Dowan (D:4)
  A bullfrog zombie (D:5)
  A crimson imp (D:5)
  3 orc priests (D:4)
  An orc wizard (D:4)
  A worker ant (D:3)
  A howler monkey skeleton (D:4)
  4 adders
  A shadow imp (D:5)
  2 oozes (D:1)
  An adder skeleton (D:4)
  3 worms
  4 leopard geckos
  9 orcs
  6 giant cockroaches
  7 hobgoblins
  16 jackals
  7 kobolds
  4 quokkas
  A ball python (D:3)
  8 bats
  3 frilled lizards
  7 goblins
  8 rats
103 creatures vanquished.

Notes
Turn   | Place    | Note
-------+----------+-------------------------------------------
     0 | D:1      | b5mith the Minotaur Berserker began the quest for the Orb.
     0 | D:1      | Reached XP level 1. HP: 19/19 MP: 0/0
   116 | D:1      | Reached XP level 2. HP: 27/27 MP: 1/1
   553 | D:1      | Reached XP level 3. HP: 33/33 MP: 2/2
   858 | D:2      | Reached ** piety under Trog
  1154 | D:2      | Reached XP level 4. HP: 32/40 MP: 3/3
  1598 | D:3      | Reached XP level 5. HP: 18/47 MP: 4/4
  2108 | D:3      | Reached *** piety under Trog
  2456 | D:4      | Noticed Edmund
  2483 | D:4      | Killed Edmund
  2483 | D:4      | Reached skill level 5 in Fighting
  2483 | D:4      | Reached skill level 5 in Polearms
  2483 | D:4      | Reached XP level 6. HP: 42/56 MP: 5/5
  2496 | D:4      | Noticed Dowan
  2499 | D:4      | Noticed Duvessa
  2574 | D:4      | Killed Duvessa
  2585 | D:4      | Killed Dowan
  2956 | D:4      | Reached skill level 5 in Armour
  3104 | D:4      | Found Ysyotzig's Antique Weapon Shoppe.
  3175 | D:4      | Reached XP level 7. HP: 44/62 MP: 6/6
  3445 | D:4      | Found a staircase to the Ecumenical Temple.
  3525 | D:4      | Found an ornate altar of the Wu Jian Council.
  3581 | D:4      | Got a dazzling leather armour
  3592 | D:4      | Identified the cursed +0 leather armour "Heroykh" {Int+2} (You found it on level 4 of the Dungeon)
  3719 | D:5      | Entered Level 5 of the Dungeon
  3759 | D:5      | Reached skill level 5 in Dodging
  3779 | D:5      | Mangled by an orc warrior

Vault maps used:
D:1:      dpeg_arrival_stonehenge_8_columns
D:3:      serial_bayou, serial_bayou_pond_b, serial_bayou_crossing,
          serial_bayou_lake_a, serial_bayou_pond_e
D:4:      lemuel_round_altar, minmay_temple_entry_glassed_door, serial_shops,
          nicolae_shop_waterfront, first_ration, uniq_edmund, uniq_duvessa
D:5:      marbit_many_paths, serial_shops, shop_statue

Skill      XL: |  1  2  3  4  5  6  7 |
---------------+----------------------+-----
Polearms       | 4 5 6 |  6.1
Fighting       | 4 5 6 |  6.1
Armour         | 3 4 5 |  5.5
Dodging        | 3 4 5 |  5.0

Action                   |  1- 3 |  4- 6 |  7- 9 || total
-------------------------+-------+-------+-------++-------
Melee: Spear             |    97 |   179 |    43 ||   319
       Headbutt          |    16 |    23 |     9 ||    48
Throw: Tomahawk          |     5 |     9 |     3 ||    17
Invok: Berserk           |       |     2 |       ||     2
  Use: Scroll            |     2 |       |     4 ||     6
 Stab: Sleeping          |       |     1 |       ||     1
  Eat: Ration            |       |     3 |       ||     3
       Chunk             |       |       |     1 ||     1
Armor: Animal skin       |    12 |    32 |       ||    44
       Leather armour    |       |     4 |     5 ||     9
Dodge: Dodged            |    41 |    70 |    24 ||   135

Table legend:
 A = Spawn XP
 B = Non-spawn XP
 C = Spawn XP percentage of total XP
 D = Spawn monster count
 E = Non-spawn monster count
 F = Spawn count percentage of total count
 G = Total turns spent on level
                    A         B        C        D         E        F      G
               +---------+---------+-------+---------+---------+-------+---------
         Total |       0 |    1060 |   0.0 |       0 |     103 |   0.0 |  3779
               +---------+---------+-------+---------+---------+-------+---------
           D:1 |       0 |      41 |   0.0 |       0 |      18 |   0.0 |   620
           D:2 |       0 |      79 |   0.0 |       0 |      33 |   0.0 |   872
           D:3 |       0 |     113 |   0.0 |       0 |      25 |   0.0 |  1027
           D:4 |       0 |     705 |   0.0 |       0 |      20 |   0.0 |  1200
           D:5 |       0 |     122 |   0.0 |       0 |       7 |   0.0 |    60
               +---------+---------+-------+---------+---------+-------+---------
